 Dungeon Crawl Stone Soup version 0.20.1-1-g8b1a95d (webtiles) character file.

1309 dohliylev the Covert (level 8, 0/53 HPs)
             Began as a Vampire Enchanter on Dec 8, 2017.
             Succumbed to a gnoll's poison
             ... on level 5 of the Dungeon.
             The game lasted 00:26:51 (5839 turns).

dohliylev the Covert (Vampire Enchanter)            Turns: 5839, Time: 00:26:51

Health: 0/53       AC:  2    Str:  7    XL:     8   Next: 32%
Magic:  1/15       EV: 13    Int: 19    God:
Gold:   291        SH:  0    Dex: 18    Spells: 11/17 levels left

rFire    x . .     SeeInvis +   a - +2 dagger (speed)
rCold    + . .     Gourm    .   (no shield)
rNeg     + . .     Faith    .   b - +0 robe
rPois    .         Spirit   .   (no helmet)
rElec    .         Reflect  .   (no cloak)
rCorr    .         Harm     .   (no gloves)
MR       .....                  (no boots)
Stlth    ++++......             (no amulet)
Regen    0.2/turn               i - ring of ice
MPRegen  0.2/turn               v - +3 ring of dexterity

@: lethally poisoned (0 -> -20)
A: fangs 3, see invisible, unbreathing
a: Bat Form


You were on level 5 of the Dungeon.
You were not thirsty.

You visited 1 branch of the dungeon, and saw 5 of its levels.

You collected 291 gold pieces.

Inventory:

Hand Weapons
 a - a +2 dagger of speed (weapon)
Armour
 b - a +0 robe (worn)
Jewellery
 i - a ring of ice (left hand)
 v - a +3 ring of dexterity (right hand)
Scrolls
 e - 2 scrolls of enchant weapon {unknown}
 f - 3 scrolls of fear {unknown}
 g - a scroll of recharging {unknown}
 h - 2 scrolls of teleportation {unknown}
 j - 6 scrolls of remove curse
 l - 6 scrolls of identify
 o - 2 scrolls of amnesia {unknown}
 p - a scroll of noise {unknown}
 q - a scroll of immolation {unknown}
 r - 2 scrolls of enchant armour {unknown}
 t - a scroll of fog {unknown}
 u - a scroll of blinking {unknown}
Potions
 d - 21 potions of blood
 k - a potion of haste {unknown}
 m - a potion of cancellation
 n - a potion of heal wounds {unknown}
 s - 3 potions of lignification
 w - a potion of resistance {unknown}
 x - 2 potions of might {unknown}
Books
 c - a book of Maledictions

   Spells                             Type                      Level
   a - Corona                         Hexes                        1
   b - Ensorcelled Hibernation        Hexes/Ice                    2
   c - Confuse                        Hexes                        3
   d - Tukima's Dance                 Hexes                        3
   e - Dazzling Spray                 Conjuration/Hexes            3


   Skills:
 - Level 0.5 Fighting
 - Level 1.1 Short Blades
 - Level 2.1 Dodging
 + Level 9.0 Stealth
 + Level 0.4 Unarmed Combat
 - Level 5.0 Spellcasting
 - Level 8.0 Hexes
 - Level 5.0 Ice Magic


You had 11 spell levels left.
You knew the following spells:

 Your Spells              Type           Power        Failure   Level  Hunger
a - Corona                Hex            #####..      1%          1    None
b - Ensorcelled Hibernat  Hex/Ice        #####.       1%          2    #......
c - Confuse               Hex            #####...     1%          3    ##.....


Dungeon Overview and Level Annotations

Branches:
Dungeon (5/15)
 Temple: D:4-7

Altars:
Kikubaaqudgha


Innate Abilities, Weirdness & Mutations

You have razor-sharp teeth.
You have supernaturally acute eyesight. (SInv)
You can survive without breathing.


Message History

You turn into a vampire bat.
Your +2 dagger of speed melds into your body.
Your +0 robe melds into your body.
Your ring of ice melds into your body.
Your +3 ring of dexterity melds into your body.
You feel clumsy.
You feel sick.
The kobold throws a stone.
The stone closely misses you.
The gnoll hits you from afar with a spear of venom.
* * * LOW HITPOINT WARNING * * *
You are more poisoned.
It was a potion of cancellation.
Your magical effects are unravelling.
You feel magically purged.
Your transformation has ended.
Your +2 dagger of speed unmelds from your body.
Your +0 robe unmelds from your body.
Your ring of ice unmelds from your body.
Your +3 ring of dexterity unmelds from your body.
Your hands tingle!
You feel more attuned to ice.
You feel agile.
You die...

..≈≈.≈≈≈.(..≈.≈(≈≈≈≈≈≈≈≈≈.≈≈≈.≈
≈≈≈≈≈≈≈≈...(≈≈≈≈≈≈≈≈≈≈≈≈≈≈≈≈≈≈≈
≈≈≈≈≈≈≈.(...≈≈≈≈≈≈≈≈≈≈≈≈≈≈≈≈≈≈≈
≈≈≈≈≈≈≈≈...(≈≈≈≈≈≈≈≈≈≈≈≈≈≈≈≈≈≈≈
#########''######################
.......#.(..#.......#.....## #..
.......#.((.#.......'......###...
########((..#########.......#....
......#).....#).@(g.).).....#....
..)...'.....()K....)).......'....
......#......#......K....)..#....
########....#########.......#....
..(....#....# ...'......###...
.......#....# ....#.....## #..
############# ########### ##


You could see a gnoll and 2 kobolds.

Vanquished Creatures
  The ghost of Agrougrou the Chopper, an amateur DsFi (D:3)
  Duvessa (D:4)
  A sky beast (D:3)
  A black bear (D:4)
  A phantom (D:4)
  A big kobold (D:5)
  Dowan (D:4)
  A scorpion (D:4)
  A howler monkey (D:4)
  2 crimson imps
  A bullfrog zombie (D:5)
  2 centaur skeletons
  2 orc priests
  An orc wizard (D:4)
  An iguana (D:5)
  2 worker ants (D:5)
  A hound skeleton (D:5)
  9 adders
  2 shadow imps (D:5)
  An ooze (D:1)
  An adder zombie (D:5)
  An adder skeleton (D:4)
  6 worms
  2 dart slugs (D:2)
  4 leopard geckos
  7 orcs
  A ball python (D:2)
  16 giant cockroaches
  7 goblins
  10 hobgoblins
  4 jackals (D:5)
  3 quokkas
  10 bats
  10 frilled lizards
  34 kobolds
  10 rats
159 creatures vanquished.

Notes
Turn   | Place    | Note
-------+----------+-------------------------------------------
     0 | D:1      | dohliylev the Vampire Enchanter began the quest for the Orb.
     0 | D:1      | Reached XP level 1. HP: 13/13 MP: 3/3
   100 | D:1      | Reached skill level 5 in Stealth
   240 | D:1      | Reached XP level 2. HP: 19/19 MP: 5/5
   244 | D:1      | Learned a level 2 spell: Ensorcelled Hibernation
   384 | D:1      | Reached skill level 6 in Stealth
   854 | D:1      | Reached XP level 3. HP: 22/24 MP: 6/6
  1313 | D:2      | Reached skill level 7 in Stealth
  1369 | D:2      | Reached XP level 4. HP: 15/31 MP: 1/7
  2060 | D:2      | Reached skill level 1 in Ice Magic
  2270 | D:2      | Reached skill level 8 in Stealth
  2439 | D:2      | Learned a level 3 spell: Confuse
  2655 | D:2      | Reached XP level 5. HP: 23/36 MP: 0/8
  2820 | D:3      | Noticed Agrougrou's ghost (amateur DsFi)
  2945 | D:3      | Noticed a sky beast
  2948 | D:3      | Killed a sky beast
  2948 | D:3      | Reached XP level 6. HP: 42/42 MP: 4/10
  3031 | D:3      | Found a faded altar of an unknown god.
  3371 | D:3      | Killed Agrougrou's ghost
  3371 | D:3      | Reached skill level 5 in Hexes
  3760 | D:4      | Reached XP level 7. HP: 42/47 MP: 5/12
  4083 | D:4      | Found an ancient bone altar of Kikubaaqudgha.
  4610 | D:4      | Noticed Duvessa
  4612 | D:4      | Noticed Dowan
  4620 | D:4      | Killed Duvessa
  4622 | D:4      | Killed Dowan
  4622 | D:4      | Reached XP level 8. HP: 53/53 MP: 9/15
  4779 | D:5      | Entered Level 5 of the Dungeon
  5074 | D:5      | Reached skill level 5 in Spellcasting
  5341 | D:5      | Reached skill level 5 in Ice Magic
  5801 | D:5      | Reached skill level 9 in Stealth
  5838 | D:5      | HP: 2/53 [gnoll/spear of venom (6)]
  5839 | D:5      | Succumbed to a gnoll's poison

Skill      XL: |  1  2  3  4  5  6  7  8 |
---------------+-------------------------+-----
Stealth        | 5 6 7 8 9 |  9.0
Ice Magic      | 1 3 4 5 |  5.0
Spellcasting   | 3 4 5 |  5.0
Hexes          | 5 7 8 |  8.0
Fighting       | |  0.5
Short Blades   | |  1.1
Dodging        | |  2.1
Unarmed Combat | |  0.4

Action                   |  1- 3 |  4- 6 |  7- 9 || total
-------------------------+-------+-------+-------++-------
Melee: Dagger            |   100 |   141 |   118 ||   359
       Bite              |     2 |    13 |     9 ||    24
       Unarmed           |       |     8 |     1 ||     9
       Punch             |       |       |     1 ||     1
 Cast: Corona            |    10 |     8 |     3 ||    21
       Ensorcelled Hiber |    17 |    46 |    56 ||   119
       Confuse           |       |     6 |     7 ||    13
 Abil: Bat Form          |     6 |    15 |    25 ||    46
       End Transformatio |     6 |    15 |    24 ||    45
  Use: Potion            |     2 |     4 |     2 ||     8
       Scroll            |       |       |     2 ||     2
 Stab: Sleeping          |    19 |    45 |    42 ||   106
       Confused          |       |     5 |     7 ||    12
  Eat: Corpse            |     5 |     6 |     4 ||    15
Armor: Robe              |    10 |    19 |     8 ||    37
       Skin              |    15 |       |       ||    15
Dodge: Dodged            |    50 |    83 |    87 ||   220
